Map: Stasis LE

Players

Odin

  • Race: Terran Terran
  • League: Gold
  • Spawn Location: 11:00

keyser - Winner!

  • Race: Terran Terran
  • League: Gold
  • Spawn Location: 1:00

VOD

Have the link to the VOD?

Description

Time

  • Played on: Dec. 11, 2018, 11:24 p.m.
  • Length: 12:40
Show
View Real Time Build Order
Export as new Build Order

Odin Terran 

Build Orders: Mech 

Get SALT Encoding   

  12  0:03  SCV  
  13  0:16  Supply Depot  
  13  0:24  Supply Depot  
  13  0:39  Barracks  
  14  0:42  SCV  
  14  0:50  Refinery  
  14  1:06  SCV  
  14  1:07  Refinery  
  15  1:20  SCV  
  16  1:32  SCV  
  17  1:33  Reaper  
  17  1:37  Barracks  
  18  1:44  SCV  
  19  2:00  Factory  
  19  2:07  Orbital Command  
  19  2:21  Engineering Bay  
  19  2:40  SCV  
  19  2:41  Marine  
  19  2:42  Marine  
  22  3:07  SCV  
  23  3:21  Marine x2  
  23  3:23  Factory Tech Lab  
  23  3:25  Command Center  
  24  3:41  Starport  
  24  4:11  Barracks Reactor  
  24  4:17  Barracks Tech Lab  
  24  4:29  Factory Tech Lab  
  24  4:30  SCV  
  25  4:39  Banshee  
  25  4:41  Cloaking Field  
  25  4:42  SCV  
  25  4:45  Marauder  
  31  4:56  Supply Depot  
  31  4:59  Supply Depot  
  31  5:00  Supply Depot  
  31  5:04  Marine x2  
  31  5:05  SCV  
  34  5:07  Marauder  
  36  5:17  SCV  
  37  5:25  Banshee  
  40  5:29  SCV  
  41  5:47  Orbital Command  
  41  5:48  SCV  
  42  5:59  Siege Tank  
  42  6:00  SCV  
  46  6:06  Armory  
  46  6:12  SCV  
  47  6:24  SCV  
  48  6:29  Factory  
  48  6:30  Starport Tech Lab  
  48  6:46  SCV  
  50  6:47  SCV  
  50  6:53  Supply Depot  
  50  6:59  SCV x2  
  49  7:25  SCV x2  
  48  7:30  Siege Tank  
  48  7:31  Siege Tank  
  48  7:36  Raven  
  56  7:37  SCV  
  56  7:40  Corvid Reactor  
  57  7:44  SCV  
  57  7:49  SCV  
  59  7:55  Factory  
  59  7:56  SCV  
  60  7:59  Terran Vehicle Weapons Level 1  
  60  8:02  SCV  
  61  8:26  Refinery  
  61  8:31  Refinery  
  60  8:37  SCV  
  60  8:40  Factory Reactor  
  61  8:41  Factory  
  58  8:57  Widow Mine x2  
  62  9:10  Drilling Claws  
  62  9:18  Widow Mine x2  
  62  9:19  Starport Reactor  
  66  9:25  Widow Mine  
  66  9:26  Widow Mine  
  70  9:35  Missile Turret  
  70  9:39  Widow Mine  
  70  9:40  Widow Mine  
  74  9:47  Widow Mine x2  
  78  10:01  Widow Mine  
  79  10:25  Viking x2  
  63  10:54  Cyclone x2  
  69  11:02  Cyclone  
  58  11:26  Cyclone x2  
  61  11:34  Cyclone  
  64  11:42  Widow Mine x2  
  68  11:51  Command Center  
  68  11:58  Cyclone x2  
  74  12:03  Widow Mine  
Show
View Real Time Build Order
Export as new Build Order

keyser Terran - Winner!

Build Orders:  

Get SALT Encoding   

  12  0:01  SCV  
  13  0:16  Supply Depot  
  13  0:20  SCV  
  14  0:33  SCV  
  15  0:39  Barracks  
  15  0:46  Refinery  
  15  0:48  SCV  
  16  1:00  SCV  
  17  1:12  SCV  
  18  1:27  Orbital Command  
  18  1:29  Supply Depot  
  18  1:46  Refinery  
  18  1:47  Reaper  
  19  1:50  Barracks  
  19  2:08  Factory  
  19  2:09  SCV  
  20  2:21  SCV  
  21  2:24  Marine  
  22  2:33  SCV  
  23  2:42  Marine  
  24  2:46  Marine  
  25  2:56  Factory Tech Lab  
  25  2:59  SCV, Starport  
  25  3:02  Barracks Reactor  
  26  3:17  Barracks Tech Lab  
  26  3:19  Cyclone  
  29  3:22  Supply Depot  
  29  3:26  Engineering Bay  
  29  3:46  Command Center, Supply Depot  
  29  4:01  Marine  
  29  4:02  Marine  
  30  4:03  Combat Shield  
  30  4:05  Starport Tech Lab  
  30  4:17  Missile Turret  
  30  4:24  Siege Tank  
  33  4:28  Raven  
  33  4:30  Marine x3  
  38  4:34  SCV  
  39  4:46  SCV  
  39  4:48  Marine x2  
  42  4:54  Terran Infantry Weapons Level 1  
  42  5:07  Refinery  
  42  5:12  Siege Tank  
  45  5:14  Marine x2  
  45  5:18  Missile Turret  
  45  5:20  Orbital Command  
  47  5:22  SCV  
  48  5:43  Marine x2  
  48  5:44  Marine  
  48  5:48  SCV  
  52  5:51  SCV  
  53  5:58  Armory  
  53  6:00  SCV  
  53  6:01  Marine x2  
  53  6:02  Marine  
  57  6:12  SCV  
  57  6:15  Stimpack  
  57  6:17  Medivac  
  60  6:19  Marine  
  60  6:25  Supply Depot  
  61  6:31  Supply Depot  
  61  6:43  SCV  
  61  6:46  Siege Tank  
  65  6:55  SCV  
  66  7:07  SCV  
  66  7:28  Marauder  
  66  7:29  Marine x2  
  67  7:36  SCV  
  68  7:38  Command Center  
  68  7:40  Medivac  
  68  7:43  Terran Vehicle Weapons Level 1  
  70  7:47  Marine x2  
  70  7:49  SCV  
  70  7:50  Marauder  
  75  8:04  Marine x2  
  77  8:17  Supply Depot  
  77  8:20  Supply Depot  
  77  8:39  Marauder  
  79  8:58  Siege Tank  
  79  9:00  Marine x2  
  79  9:01  Marauder  
  86  9:18  Marine x2  
  86  9:22  Marauder  
  90  9:27  Liberator  
  90  9:30  Siege Tank  
  93  9:36  Marine x2  
  95  9:43  Marauder  
  100  9:54  Marine  
  100  9:55  Marine  
  100  10:02  Siege Tank  
  100  10:05  Marauder  
  98  10:10  Liberator  
  98  10:11  Marine  
  98  10:13  Marine  
  100  10:26  Marauder  
  105  10:29  Marine  
  105  10:31  Marine  
  106  10:47  Marine  
  106  10:48  Marauder  
  109  10:58  Marine, Supply Depot  
  109  10:59  Supply Depot  
  109  11:01  Supply Depot  
  109  11:02  Supply Depot  
  107  11:05  Marine  
  107  11:09  Marauder  
  108  11:16  Marine  
  109  11:23  Marine  
  110  11:30  Marauder  
  112  11:34  Marine  
  113  11:41  Marine  
  114  11:51  Marine  
Tags
 
Composition
Mech
League
GoldGold
Matchup
TvT
Race
Terran
Spawn Locations
Close Positions
Add a new tag
Caveats
  • Supply blocks, unpowered buildings, or Contaminate may cause inaccurate times.
  • Supply counts are checked every 10 seconds.